 Dungeon Crawl Stone Soup version 0.29.1-13-g9f3cf754e1 (webtiles) character file.

Game seed: 9170824134163471923

10261 RapScallion the Basher (level 11, -3/99 HPs)
             Began as a Hill Orc Fighter on Jan 23, 2023.
             Was a High Priest of Okawaru.
             Killed from afar by an electric eel (10 damage)
             ... with a bolt of electricity
             ... in a bailey.
             The game lasted 00:42:53 (12461 turns).

RapScallion the Basher (Hill Orc Fighter)          Turns: 12461, Time: 00:42:54

Health: -3/99      AC: 16    Str: 24    XL:     11   Next: 59%
Magic:  0/12       EV: 10    Int: 11    God:    Okawaru [*****.]
Gold:   1579       SH:  5    Dex: 10    Spells: 10/10 levels left

rFire   + . .      SeeInvis +   u - +9 mace of Attainder {protect, Int+3}
rCold   . . .      Faith    .   c - +0 buckler
rNeg    . . .      Spirit   +   b - +0 scale mail
rPois   .          Reflect  .   F - +1 helmet
rElec   .          Harm     .   l - +1 cloak
rCorr   .          Rampage  .   v - +0 pair of gloves
Will    .....                   n - +0 pair of boots
Stlth   ..........              p - amulet of guardian spirit
HPRegen 0.26/turn               m - ring of protection from fire
MPRegen 0.13/turn               L - ring of see invisible

@: no status effects
A: inability to drink after injury 1
a: Renounce Religion, Heroism, Finesse, Duel


You were in a bailey.
You worshipped Okawaru.
Okawaru was extremely pleased with you.
You visited 2 branches of the dungeon, and saw 11 of its levels.
You also visited: Bailey.

You collected 1579 gold pieces.

Inventory:

Hand Weapons
 a - a +1 war axe
 g - a +0 spear of freezing
 o - a +0 hand axe of pain
 u - the +9 mace of Attainder (weapon) {protect, Int+3}
   (You found it on level 3 of the Dungeon)

   It grants its wielder temporary protection when it strikes (+7 to AC).
   Int:       It affects your intelligence (+3).
 K - a +4 war axe
 M - a +2 vorpal spear
 N - a +0 broad axe
Armour
 b - a +0 scale mail (worn)
 c - a +0 buckler (worn)
 l - a +1 cloak (worn)
 n - a +0 pair of boots (worn)
 v - a +0 pair of gloves (worn)
 F - a +1 helmet (worn)
Jewellery
 m - a ring of protection from fire (left hand)
 p - an amulet of guardian spirit (around neck)
 L - a ring of see invisible (right hand)
 O - an amulet of faith
Wands
 A - a wand of mindburst (14)
 J - a wand of polymorph (4)
Scrolls
 e - 2 scrolls of enchant armour
 j - 3 scrolls of fear
 q - a scroll of immolation
 s - 2 scrolls of amnesia
 t - 8 scrolls of teleportation
 y - a scroll of enchant weapon
 C - 4 scrolls of poison
 G - a scroll of blinking
 H - 2 scrolls of magic mapping
Potions
 d - 2 potions of might
 f - a potion of resistance
 h - a potion of haste
 i - a potion of flight {unknown}
 k - 3 potions of lignification
 r - a potion of ambrosia
 w - a potion of mutation {unknown}
 x - 2 potions of magic
 z - 2 potions of heal wounds
 B - a potion of berserk rage {unknown}
 D - a potion of curing {unknown}
 E - a potion of degeneration {unknown}
 I - 2 potions of brilliance


   Skills:
 + Level 9.9 Fighting
 + Level 4.9(11.1) Axes
 + Level 13.1(13.3) Maces & Flails
 + Level 9.5 Armour
 - Level 1.1 Dodging
 - Level 0.2 Stealth
 + Level 7.4 Shields
 + Level 1.8 Invocations


You had 10 spell levels left.
You didn't know any spells.
Your spell library contained the following spells:

 Spells                   Type           Power      Damage    Failure   Level
 Magic Dart               Conj           0%         1d3       67%         1
 Gell's Gravitas          Tloc           0%         N/A       95%         3
 Mephitic Cloud           Conj/Pois/Air  0%         N/A       95%         3
 Teleport Other           Tloc           0%         N/A       95%         3
 Dispersal                Tloc           0%         N/A       100%        6
 Call Imp                 Summ           Unusable   N/A       N/A         2
 Animate Dead             Necr           Unusable   N/A       N/A         4
 Haunt                    Necr/Summ      Unusable   N/A       N/A         7
 Infestation              Necr           Unusable   N/A       N/A         8

Dungeon Overview and Level Annotations

Branches:
Dungeon (10/15)            Temple (1/1) D:6            Lair (0/5) D:8
 Bailey (1/1)
    Orc: D:9-12

Altars:
Ashenzari
Cheibriados
Dithmenos
Elyvilon
Fedhas
Gozag
Hepliaklqana
Kikubaaqudgha
Makhleb
Nemelex Xobeh
Okawaru
Qazlal
Ru
Sif Muna
Trog
Uskayaw
Vehumet
Wu Jian
Xom
Yredelemnul
Zin
The Shining One

Shops:
D:2 (   D:4 *

Annotations:
D:10 Fannar


Innate Abilities, Weirdness & Mutations

You occasionally lose the ability to drink potions when taking damage.


Message History

You hit the electric eel.
You kill the electric eel!
Okawaru accepts your kill.
You enter the shallow water.
Moving in this stuff is going to be slow.
The electric eel shoots out a bolt of lightning at you!
The bolt of electricity hits you! The bolt of electricity misses you.
The bolt of electricity hits the electric eel.
The electric eel completely resists.
Your unstable footing causes you to fumble your attack.
Your unstable footing causes you to fumble your attack.
The electric eel shoots out a bolt of lightning at you!
The bolt of electricity hits you.
The bolt of electricity hits you but does no damage.
The bolt of electricity hits the electric eel.
The electric eel completely resists.
Your unstable footing causes you to fumble your attack.
Your unstable footing causes you to fumble your attack.
Unknown command.
Your unstable footing causes you to fumble your attack.
Your unstable footing causes you to fumble your attack.
Your unstable footing causes you to fumble your attack.
You miss the electric eel.
The electric eel is severely wounded.
You closely miss the electric eel.
The electric eel is severely wounded.
Your unstable footing causes you to fumble your attack.
The electric eel shoots out a bolt of lightning at you!
The bolt of electricity hits you!
* * * LOW HITPOINT WARNING * * *
The bolt of electricity hits you!
* * * LOW HITPOINT WARNING * * *
The bolt of electricity hits the electric eel.
The electric eel completely resists.
You feel like a meek peon again.
The electric eel shoots out a bolt of lightning at you!
The bolt of electricity hits you!
* * * LOW HITPOINT WARNING * * *
The bolt of electricity hits you!
You die...

#..'.))..'..# ≈≈≈≈≈≈≈
#..'.....'..#
≈≈≈≈≈≈≈#+####..#..⌠..#..#
≈≈≈≈≈≈≈~.#....[#.....#...
≈≈≈≈≈≈≈~.#.8)).#.....#...
≈≈≈≈≈≈≈~.#.....#######...
≈≈≈≈≈≈≈~.#.8#### ####
≈≈≈≈≈≈≈~.#..# #
≈≈≈≈≈≈S~@#.8# #
≈≈≈≈≈≈≈~.#[.# #
≈≈≈≈≈≈≈~.##)# #
≈≈≈≈≈≈≈~.#))# ##+## #
≈≈≈≈≈≈≈~.#..# #...# #
≈≈≈≈≈≈≈~.#..# #...# #
≈≈≈≈≈≈≈~.#..# #8.8# #
≈≈≈≈≈≈≈~.#..# #...# #
≈≈≈≈≈≈#'#'##+###8.8###+#


You could see an electric eel.

Vanquished Creatures
  3 two-headed ogres (D:9)
  3 death yaks (D:8)
  2 kobold demonologists
  Eustachio (D:5)
  A wraith (D:9)
  6 yaks (D:9)
  A steam dragon (D:9)
  Menkaure (D:7)
  2 water moccasins
  An acid dragon (D:9)
  9 orc warriors
  3 sky beasts
  2 black bears (D:6)
  2 ice beasts
  2 centaurs
  A phantom (D:6)
  11 kobold brigands
  5 bullfrogs
  Blork the orc (D:6)
  2 scorpions (D:6)
  A gnoll sergeant (D:9)
  5 wights (D:8)
  3 howler monkeys
  3 electric eels (Bailey)
  4 hounds
  6 orc priests
  2 jellies
  A hell rat (D:8)
  3 iguanas
  8 orc wizards
  19 gnolls
  4 adders
  A worm (D:4)
  A dart slug (D:5)
  26 orcs
  12 ball pythons
  4 bats
  6 endoplasms
  7 giant cockroaches
  15 goblins
  16 hobgoblins
  7 quokkas
  3 frilled lizards
  30 kobolds
  6 rats
252 creatures vanquished.

Vanquished Creatures (others)
  3 plants (D:2)
3 creatures vanquished.

Grand Total: 255 creatures vanquished

Notes
Turn   | Place    | Note
-------+----------+-------------------------------------------
     0 | D:1      | RapScallion the Hill Orc Fighter began the quest for the
                  | Orb.
     0 | D:1      | Reached XP level 1. HP: 19/19 MP: 1/1
    76 | D:1      | Reached XP level 2. HP: 26/27 MP: 2/2
   380 | D:1      | Reached XP level 3. HP: 14/33 MP: 3/3
  1267 | D:2      | Reached XP level 4. HP: 31/40 MP: 4/4
  1772 | D:2      | Found Tungumyc's Weapon Emporium.
  1824 | D:2      | Found a faded altar of an unknown god.
  2671 | D:3      | Identified the +9 mace of Attainder {protect, Int+3}
  3566 | D:4      | Reached XP level 5. HP: 46/46 MP: 5/5
  4162 | D:4      | Found Richi's Neck Hole.
  4212 | D:4      | Reached skill level 1 in Maces & Flails
  4212 | D:4      | Reached skill level 1 in Dodging
  4592 | D:5      | Entered Level 5 of the Dungeon
  4592 | D:5      | Noticed an ice beast
  4602 | D:5      | Killed an ice beast
  4603 | D:5      | Reached skill level 2 in Maces & Flails
  4603 | D:5      | Reached XP level 6. HP: 53/53 MP: 6/6
  5329 | D:5      | Reached skill level 3 in Maces & Flails
  5460 | D:5      | Reached skill level 5 in Armour
  5460 | D:5      | Reached XP level 7. HP: 54/60 MP: 7/7
  5497 | D:5      | Noticed Eustachio
  5517 | D:5      | Reached skill level 5 in Fighting
  5536 | D:5      | Killed Eustachio
  5537 | D:5      | Reached skill level 4 in Maces & Flails
  5736 | D:6      | Found a staircase to the Ecumenical Temple.
  5769 | Temple   | Entered the Ecumenical Temple
  5925 | Temple   | Became a worshipper of Warmaster Okawaru
  5955 | D:6      | Found Suhefy Pyosu's Assorted Antiques.
  5980 | D:6      | Noticed Blork the orc
  5986 | D:6      | Killed Blork the orc
  5987 | D:6      | Reached skill level 5 in Maces & Flails
  5991 | D:6      | Reached XP level 8. HP: 67/69 MP: 8/8
  6054 | D:6      | Reached skill level 6 in Maces & Flails
  6156 | D:6      | Reached * piety under Okawaru
  6461 | D:7      | Noticed Menkaure
  6634 | D:7      | Reached skill level 7 in Maces & Flails
  6779 | D:7      | Reached XP level 9. HP: 40/75 MP: 9/9
  6960 | D:7      | Reached ** piety under Okawaru
  6961 | D:7      | Reached skill level 5 in Shields
  7190 | D:7      | Reached skill level 8 in Maces & Flails
  7277 | D:7      | Killed Menkaure
  8080 | D:8      | Noticed a kobold demonologist
  8081 | D:8      | Reached skill level 9 in Maces & Flails
  8082 | D:8      | Noticed a soul eater
  8092 | D:8      | Gained mutation: You occasionally lose the ability to drink
                  | potions when taking damage. [a neqoxec]
  8096 | D:8      | Killed a kobold demonologist
  8096 | D:8      | Reached *** piety under Okawaru
  8370 | D:8      | Noticed a death yak
  8385 | D:8      | Noticed a death yak
  8392 | D:8      | Noticed a death yak
  8396 | D:8      | Killed a death yak
  8397 | D:8      | Reached skill level 10 in Maces & Flails
  8397 | D:8      | Reached XP level 10. HP: 78/88 MP: 8/10
  8406 | D:8      | Killed a death yak
  8406 | D:8      | Reached **** piety under Okawaru
  8417 | D:8      | Killed a death yak
  8418 | D:8      | Reached skill level 11 in Maces & Flails
  8664 | D:8      | Found a staircase to the Lair.
  9731 | D:9      | Found a basalt altar of Yredelemnul.
  9816 | D:9      | Noticed a two-headed ogre
  9826 | D:9      | Killed a two-headed ogre
  9991 | D:9      | Reached XP level 11. HP: 79/97 MP: 8/11
  9997 | D:9      | Reached skill level 12 in Maces & Flails
 10437 | D:9      | Noticed a two-headed ogre
 10444 | D:9      | Killed a two-headed ogre
 10445 | D:9      | Reached skill level 1 in Invocations
 10693 | D:9      | Reached ***** piety under Okawaru
 11205 | D:10     | Entered Level 10 of the Dungeon
 11208 | D:10     | Noticed Fannar
 11209 | D:10     | Noticed a two-headed ogre
 11228 | D:9      | Killed a two-headed ogre
 11588 | D:10     | Found a flagged portal.
 11600 | Bailey   | Entered a bailey
 11959 | Bailey   | Reached skill level 13 in Maces & Flails
 12263 | Bailey   | Acquired 987 gold pieces
 12461 | Bailey   | Killed from afar by an electric eel

Illustrated notes

Levels and vault maps discovered:
D:1:      dpeg_arrival_radiant, layout_rooms
D:2:      layout_basic, shapermc_ecumenical_altar_gd, serial_shops,
          nicolae_lakefront_shop, minmay_goblin_outpost
D:3:      layout_loops_corners, serial_co_window_serial, co_window_corner_a,
          co_window_paths_a, co_window_paths_b, co_window_paths_a,
          co_window_paths_b, co_window_corner_a, co_window_2corner,
          co_window_corner_cb, co_window_broadway_a, co_window_cross_2,
          co_window_of_opportunity_c, co_window_4corner_b, glass_columns_c,
          glass_columns_a, glass_columns_a
D:4:      minmay_skewed_foursquare, layout_basic,
          nicolae_shop_sticking_my_neck_out
D:5:      layout_rooms, uniq_eustachio
D:6:      layout_rooms, minmay_temple_entry_overgrown, serial_shops, shop,
          grunt_ministairs_5, uniq_blork_the_orc
D:7:      layout_rooms, uniq_menkaure
D:8:      layout_basic, dpeg_lair_monsters, special_room [special_room_kobold],
          kennysheep_generic_room_13
D:9:      layout_cave_pods, mainiacjoe_overflow_small_starburst,
          minmay_starry_boxes
D:10:     layout_irregular_city, enter_bailey_2, serial_shops,
          nicolae_square_shop, uniq_grum, uniq_sonja, uniq_fannar, uniq_psyche
Temple:   nicolae_temple_bog_church
Bailey:   bailey_axe_of_yendor_kennysheep, bailey

Skill      XL: |  1  2  3  4  5  6  7  8  9 10 11 |
---------------+----------------------------------+-----
Axes           | 3 4 |  4.9
Fighting       | 4 5 6 7 9 |  9.9
Armour         | 4 5 6 8 9 |  9.5
Maces & Flails | 2 3 5 7 10 11 13 | 13.1
Dodging        | 1 |  1.1
Shields        | 4 6 7 |  7.4
Invocations    | 1 |  1.8
Stealth        | |  0.2

Action                   |  1- 3 |  4- 6 |  7- 9 | 10-12 || total
-------------------------+-------+-------+-------+-------++-------
Melee: War axe           |    93 |    60 |       |       ||   153
       Mace              |       |    73 |   243 |   357 ||   673
Invok: Heroism           |       |       |     2 |     8 ||    10
       Finesse           |       |       |       |     1 ||     1
  Use: Potion            |       |     1 |     2 |     2 ||     5
       Scroll            |       |    16 |     2 |     5 ||    23
Armor: Scale mail        |    54 |    72 |   157 |   133 ||   416
Dodge: Dodged            |    54 |    63 |    98 |   141 ||   356
Block: Buckler           |    32 |    32 |    54 |    71 ||   189
